[Event "Titled Tuesday Blitz June 6 Early 2023"]
[White "Mejia, Cherry Ann"]
[Black "Camilla_Lee"]
[WhiteFideId "5206880"]
[WhiteElo "2007"]
[BlackElo "2530"]
[Result "1/2-1/2"]
[Round "3"]
[TimeControl "180+2"]
[Date "2023.06.06"]
[WhiteClock "0:00:14"]
[BlackClock "0:00:14"]
[Board "153"]

1. e4 e5 2. Nf3 Nc6 3. Bb5 f5 4. d3 fxe4 5. dxe4 Nf6 6. Nc3 Bb4 7. O-O Bxc3 8. bxc3 d6 9. Bg5 Qe7 10. h3 Be6 11. Nh4 O-O 12. f4 exf4 13. Bxc6 bxc6 14. Rxf4 Rf7 15. Qd4 Raf8 16. Raf1 c5 17. Qa4 h6 18. Ng6 Qe8 19. Qxe8 Rxe8 20. Bxf6 gxf6 21. a3 Kg7 22. Nh4 Bd7 23. R1f3 Re5 24. Nf5+ Bxf5 25. exf5 Rfe7 26. Rg3+ Kf7 27. Rg6 Re3 28. Rxh6 Rxc3 29. Rg4 Rxa3 30. Rgg6 Rc3 31. Rxf6+ Ke8 32. Rh8+ Kd7 33. Ra8 Rxc2 34. Rff8 Re1+ 35. Kh2 Rf1 36. f6 Rcf2 37. Rf7+ Kc6 38. Rxa7 Rxf6 39. Raxc7+ Kd5 40. Rg7 Kd4 41. Kg3 R1f4 42. Rc6 d5 43. Rc8 c4 44. h4 Rf1 45. h5 Rh1 46. Kg4 Kd3 47. Kg5 Rf2 48. g4 c3 49. Rgc7 d4 50. h6 c2 51. h7 c1=Q+ 52. Rxc1 Rxh7 53. Rd1+ Ke3 54. Re8+ Kf3 55. Rxd4 Rg7+ 56. Kh6 Rf7 57. g5 Rh2+ 58. Kg6 Ra7 59. Rf8+ Kg3 60. Rb8 Ra6+ 61. Kf5 Ra5+ 62. Kf6 Ra6+ 63. Ke5 Ra5+ 64. Rd5 Rxd5+ 65. Kxd5 Rh5 66. Rg8 Kf4 67. Ke6 Rxg5 68. Rxg5 Kxg5 1/2-1/2


[Site "https://www.chess.com"]

[Event "Titled Tuesday Blitz June 6 Early 2023"]
[White "Hoffmann, Asa"]
[Black "Sharan, Rao"]
[WhiteFideId "2001470"]
[BlackFideId "5073464"]
[WhiteElo "2117"]
[BlackElo "2149"]
[Result "0-1"]
[Round "3"]
[TimeControl "180+2"]
[Date "2023.06.06"]
[WhiteClock "0:02:11"]
[BlackClock "0:01:37"]
[Board "154"]

1. d4 Nf6 2. Bg5 Ne4 3. Bf4 d5 4. f3 Nf6 5. e4 e6 6. e5 Nfd7 7. Be3 c5 8. c3 Nc6 9. f4 Be7 10. Nf3 O-O 11. Qd2 f6 12. Bd3 cxd4 13. cxd4 Qb6 14. Nc3 Na5 15. O-O Nc4 16. Bxc4 dxc4 17. Rac1 a6 18. Ne4 Qc6 19. b3 Qxe4 20. Rxc4 Nb6 21. Rc7 Nd5 0-1


[Site "https://www.chess.com"]

[Event "Titled Tuesday Blitz June 6 Early 2023"]
[White "Senft, Sean"]
[Black "Devaev, Alexander"]
[WhiteFideId "2044960"]
[BlackFideId "4169395"]
[WhiteElo "1989"]
[BlackElo "2172"]
[Result "0-1"]
[Round "3"]
[TimeControl "180+2"]
[Date "2023.06.06"]
[WhiteClock "0:00:20"]
[BlackClock "0:00:03"]
[Board "155"]

1. d4 Nf6 2. c4 e6 3. Nc3 c5 4. d5 d6 5. e4 e5 6. f4 Be7 7. fxe5 dxe5 8. Nf3 Nbd7 9. Be2 a6 10. a4 Bd6 11. O-O O-O 12. Qe1 g6 13. Bg5 Be7 14. Rd1 Nh5 15. Bxe7 Qxe7 16. d6 Qd8 17. Nd5 Nhf6 18. Qg3 Nxd5 19. exd5 Qf6 20. Nd2 Qxd6 21. Ne4 Qb6 22. Qh4 Kg7 23. Rd3 Qd8 24. Qf2 b6 25. Rg3 f5 26. Ng5 Nf6 27. Ne6+ Bxe6 28. dxe6 Qd4 29. Qxd4 exd4 30. Rxf5 Rae8 31. Re5 a5 32. Bf3 Re7 33. Bc6 Rd8 34. Kf1 Ne8 35. Rf3 Nd6 36. b3 Rf8 37. Bd7 Rxf3+ 38. gxf3 Kf6 39. Rd5 Nf5 40. Ke2 g5 41. Kd3 h5 42. Ke4 Ng7 43. Rd6 Nxe6 44. Kd5 d3 45. Bxe6 d2 46. Bf5+ Kxf5 47. Kc6 Re6 0-1


[Site "https://www.chess.com"]

[Event "Titled Tuesday Blitz June 6 Early 2023"]
[White "Baches Garcia, Guillermo"]
[Black "Baraeva, Irina"]
[WhiteFideId "2209764"]
[BlackFideId "24142565"]
[WhiteElo "2508"]
[BlackElo "2085"]
[Result "1-0"]
[Round "3"]
[TimeControl "180+2"]
[Date "2023.06.06"]
[WhiteClock "0:00:57"]
[BlackClock "0:00:13"]
[Board "156"]

1. e4 e6 2. d4 d5 3. exd5 exd5 4. Nf3 Bd6 5. c4 c6 6. Nc3 Ne7 7. Bd3 O-O 8. O-O dxc4 9. Bxc4 Bg4 10. h3 Bh5 11. g4 Bg6 12. Ne5 Bxe5 13. dxe5 Qa5 14. Qe2 b5 15. Bb3 Rd8 16. Rd1 Rxd1+ 17. Qxd1 b4 18. Ne2 Na6 19. Qd6 Qd8 20. Bg5 Qxd6 21. exd6 Nd5 22. Bxd5 cxd5 23. d7 f6 24. Rc1 Rd8 25. Rc8 Kf7 26. Rxd8 Ke7 27. Ra8 Kxd7 28. Rxa7+ 1-0


[Site "https://www.chess.com"]

[Event "Titled Tuesday Blitz June 6 Early 2023"]
[White "Lacasa Diaz, Jose Antonio"]
[Black "Toczek, Grzegorz"]
[WhiteFideId "2203375"]
[BlackFideId "1106457"]
[WhiteElo "2338"]
[BlackElo "2093"]
[Result "1-0"]
[Round "3"]
[TimeControl "180+2"]
[Date "2023.06.06"]
[WhiteClock "0:01:33"]
[BlackClock "0:01:00"]
[Board "157"]

1. d4 e6 2. c4 Nf6 3. Nf3 b6 4. g3 Ba6 5. b3 Bb7 6. Bg2 Be7 7. O-O O-O 8. Nc3 d5 9. Qc2 Nbd7 10. Rd1 c6 11. Bb2 Qc7 12. Rac1 Rac8 13. Ne5 Nxe5 14. dxe5 Nd7 15. f4 dxc4 16. bxc4 c5 17. Nb5 Qb8 18. Rxd7 Bxg2 19. Kxg2 a6 20. Nc3 Rfe8 21. Rcd1 b5 22. Qe4 Qb6 23. cxb5 axb5 24. Rb7 Qa5 25. Rxb5 Qa6 26. Qb7 Ra8 27. Qxa6 Rxa6 28. Rd7 g6 29. a4 Kf8 30. Ba3 1-0


[Site "https://www.chess.com"]

[Event "Titled Tuesday Blitz June 6 Early 2023"]
[White "Pavlidou, Ekaterini"]
[Black "Aggelis, Nikolaos"]
[WhiteFideId "4213262"]
[BlackFideId "4213220"]
[WhiteElo "2126"]
[BlackElo "2189"]
[Result "1/2-1/2"]
[Round "3"]
[TimeControl "180+2"]
[Date "2023.06.06"]
[WhiteClock "0:00:21"]
[BlackClock "0:00:09"]
[Board "158"]

1. d4 f5 2. e4 fxe4 3. Nc3 Nf6 4. Bg5 e6 5. Nxe4 Be7 6. Bxf6 Bxf6 7. c3 O-O 8. Bd3 b6 9. Nf3 Bb7 10. Qe2 Nc6 11. h4 Ne7 12. Nfg5 h6 13. O-O-O Nf5 14. Nxf6+ Qxf6 15. Ne4 Bxe4 16. Bxe4 Rae8 17. h5 Nd6 18. Bg6 Re7 19. f3 a5 20. Kb1 Nf7 21. g3 e5 22. Rde1 d6 23. f4 e4 24. Qe3 d5 25. g4 Nd6 26. b3 Qxf4 27. Qh3 Qf3 28. Qh4 Qd3+ 29. Kb2 Qd2+ 30. Kb1 Re6 31. Ref1 Ref6 32. Rxf6 Rxf6 33. Bf5 Nb5 34. Rc1 Nxc3+ 35. Rxc3 Qxc3 36. Qh2 Qd3+ 37. Kb2 Qxd4+ 38. Kb1 Qd3+ 39. Kb2 Rc6 40. Qe5 Qd2+ 41. Ka3 Qb4+ 42. Kb2 Qd6 43. Qe8+ Qf8 44. Bh7+ Kxh7 45. Qxf8 Rf6 46. Qd8 c6 47. Qe7 b5 48. Kc3 Rf3+ 49. Kd4 Rf6 50. Qe5 a4 51. b4 Kg8 52. Qe8+ Kh7 53. Qe7 Kh8 54. Qe5 Kh7 55. Qg3 Kg8 56. g5 hxg5 57. Qxg5 Kh7 58. Qe5 Kh6 59. a3 Kh7 60. Qe8 Rh6 61. Qf7 Rf6 62. Qd7 Rh6 63. Qf5+ Kh8 64. Ke5 Rf6 65. Qc8+ Kh7 66. Qh3 Kh8 67. h6 Rxh6 68. Qc8+ Kh7 69. Qf5+ Kh8 70. Qf8+ Kh7 71. Qf5+ Kh8 72. Kd4 Rf6 73. Qh5+ Kg8 74. Qe8+ Kh7 75. Qh5+ Kg8 76. Qe5 Kh7 77. Qh2+ Kg8 78. Qb8+ Kh7 79. Qh2+ Kg8 80. Qb8+ Kh7 81. Qh2+ 1/2-1/2


[Site "https://www.chess.com"]

[Event "Titled Tuesday Blitz June 6 Early 2023"]
[White "Srebrnic, Marko"]
[Black "Yanayt, Eugene"]
[WhiteFideId "14603616"]
[BlackFideId "2020165"]
[WhiteElo "2341"]
[BlackElo "2083"]
[Result "1-0"]
[Round "3"]
[TimeControl "180+2"]
[Date "2023.06.06"]
[WhiteClock "0:00:14"]
[BlackClock "0:00:39"]
[Board "159"]

1. e4 c5 2. Nf3 d6 3. g3 Nc6 4. Bg2 Nf6 5. Qe2 Bg4 6. c3 Ne5 7. h3 Bxf3 8. Bxf3 c4 9. O-O Qc8 10. Bg2 h6 11. Na3 Nd3 12. b3 Nxc1 13. Raxc1 cxb3 14. axb3 g6 15. e5 dxe5 16. Qxe5 Bg7 17. Qb5+ Qd7 18. Qxd7+ Kxd7 19. d4 Rab8 20. c4 a6 21. Rfe1 Rhc8 22. d5 Ne8 23. c5 Bb2 24. c6+ Kd8 25. Nc4 Bxc1 26. Rxc1 bxc6 27. dxc6 Rxb3 28. Rd1+ Nd6 29. Nxd6 exd6 30. Rxd6+ Ke8 31. Rd7 Ra8 32. Bd5 Rb1+ 33. Kg2 f5 34. Bf7+ Kf8 35. Bxg6 Rbb8 36. Bxf5 Rc8 37. c7 Ke8 38. Rh7 a5 39. Rh8+ Ke7 40. Rxc8 Rxc8 41. Bxc8 Kd6 42. Be6 Kxc7 43. Ba2 Kd6 44. f4 Kc5 45. Kf3 Kb4 46. g4 Ka3 47. Be6 Kb4 48. g5 hxg5 49. fxg5 1-0


[Site "https://www.chess.com"]

[Event "Titled Tuesday Blitz June 6 Early 2023"]
[White "Chuemsakul, Sarocha"]
[Black "Bas Mas, Jose Joaquin"]
[WhiteFideId "6203710"]
[BlackFideId "22219064"]
[WhiteElo "1686"]
[BlackElo "2212"]
[Result "0-1"]
[Round "3"]
[TimeControl "180+2"]
[Date "2023.06.06"]
[WhiteClock "0:00:09"]
[BlackClock "0:01:02"]
[Board "160"]

1. d4 d5 2. c4 e6 3. cxd5 exd5 4. Nc3 Nf6 5. Nf3 Nbd7 6. Bf4 Nb6 7. e3 c6 8. Bd3 Bg4 9. h3 Bh5 10. O-O Bd6 11. Bxd6 Qxd6 12. Be2 O-O 13. Ne5 Bxe2 14. Qxe2 a5 15. Rac1 Rfe8 16. Qc2 a4 17. Rfd1 Nfd7 18. Nxd7 Qxd7 19. b3 a3 20. Ne2 Nc8 21. Nf4 Nd6 22. Nd3 Ne4 23. Nc5 Nxc5 24. Qxc5 Re6 25. b4 b5 26. Rd3 h5 27. Qc2 Rg6 28. Kh1 Qe7 29. Rb3 Ra4 30. Qd2 Qe4 31. Rg1 h4 32. Qd1 f5 33. Qf3 Kh7 34. Qxe4 fxe4 35. Rc1 Ra8 36. Rcc3 Rf8 37. Rc2 Rf5 38. Rxa3 Rfg5 39. f4 exf3 40. gxf3 Rg3 41. Kh2 Rxf3 42. Rac3 Rgg3 43. Rxc6 Rxh3+ 44. Kg2 Rhg3+ 45. Kh2 Rxe3 46. R6c5 Rh3+ 47. Kg2 Reg3+ 48. Kf2 Rh2+ 49. Kf1 Rxc2 50. Rxc2 Rd3 51. Rc5 Rxd4 52. Rxb5 g5 53. a4 g4 54. a5 h3 55. Kf2 Rd2+ 56. Kg3 h2 57. Rb7+ Kg6 0-1


[Site "https://www.chess.com"]

[Event "Titled Tuesday Blitz June 6 Early 2023"]
[White "Napoli, Nicolo"]
[Black "Balla, Tamas-Kristof"]
[WhiteFideId "813702"]
[BlackFideId "1208497"]
[WhiteElo "2308"]
[BlackElo "2334"]
[Result "1-0"]
[Round "3"]
[TimeControl "180+2"]
[Date "2023.06.06"]
[WhiteClock "0:00:36"]
[BlackClock "0:00:08"]
[Board "161"]

1. e4 c5 2. Nf3 Nc6 3. c3 Nf6 4. e5 Nd5 5. d4 cxd4 6. cxd4 d6 7. exd6 e6 8. Nc3 Bxd6 9. Bc4 O-O 10. O-O b6 11. h3 Bb7 12. Nxd5 Na5 13. Ne3 Rc8 14. Bd3 Bb8 15. Ng4 Nc4 16. Nge5 Nxe5 17. Nxe5 Qd5 18. Qf3 Qxd4 19. Qxb7 Qxe5 20. g3 Qd4 21. Qe4 Qxe4 22. Bxe4 f5 23. Bd3 f4 24. Bxf4 Bxf4 25. gxf4 Rxf4 26. Rfe1 Rcf8 27. Re2 e5 28. Rf1 Rf3 29. Bc4+ Kh8 30. Rxe5 Rxh3 31. Kg2 Rh4 32. Be6 h6 33. Re3 Rhf4 34. Bd5 R8f5 35. Re8+ Kh7 36. Be4 Rxe4 37. Rxe4 Rg5+ 38. Kf3 Rb5 39. b3 Rc5 40. Rc4 Rd5 41. Re1 Rd2 42. Re2 Rd3+ 43. Kg2 Rd6 44. Rc7 Rg6+ 45. Kf1 a5 46. Ree7 h5 47. Re4 Kh6 48. Rce7 Kg5 49. R7e5+ Kh6 50. Re6 1-0


[Site "https://www.chess.com"]

[Event "Titled Tuesday Blitz June 6 Early 2023"]
[White "Garcia Cuenca, Victor"]
[Black "Antonio, Jorge Carlos"]
[WhiteFideId "2250829"]
[BlackFideId "113190"]
[WhiteElo "2329"]
[BlackElo "2247"]
[Result "1-0"]
[Round "3"]
[TimeControl "180+2"]
[Date "2023.06.06"]
[WhiteClock "0:00:41"]
[BlackClock "0:00:51"]
[Board "162"]

1. Nf3 d5 2. b3 c6 3. Bb2 Nf6 4. e3 Bg4 5. Be2 Bxf3 6. Bxf3 e6 7. O-O Be7 8. d3 O-O 9. Nd2 Nbd7 10. e4 Qc7 11. g3 Rac8 12. Qe2 dxe4 13. dxe4 Ne5 14. Bg2 Ng6 15. f4 Rfd8 16. Nf3 Qb6+ 17. Kh1 Ng4 18. Bc1 Bc5 19. h3 Ne3 20. Bxe3 Bxe3 21. Rad1 Bxf4 22. gxf4 Nxf4 23. Rxd8+ Rxd8 24. Qf2 Nxg2 25. Qxb6 axb6 26. Kxg2 b5 27. Kf2 b4 28. Ke2 Ra8 29. Rd1 Kf8 30. Rd7 Rxa2 31. Kd2 Ra7 32. Ne5 Ra5 33. Nc4 Rh5 34. Nd6 f6 35. Rf7+ Kg8 36. Rxb7 Rxh3 37. Rb8# 1-0


[Site "https://www.chess.com"]

[Event "Titled Tuesday Blitz June 6 Early 2023"]
[White "Ansh M Shah"]
[Black "Antonova, Nadezhda"]
[WhiteFideId "25033379"]
[BlackFideId "14700182"]
[WhiteElo "2084"]
[BlackElo "1795"]
[Result "1-0"]
[Round "3"]
[TimeControl "180+2"]
[Date "2023.06.06"]
[WhiteClock "0:00:29"]
[BlackClock "0:01:47"]
[Board "163"]

1. d4 Nf6 2. c4 g6 3. h4 Bg7 4. Nc3 h5 5. e4 d6 6. Be2 c5 7. d5 O-O 8. Nf3 b5 9. cxb5 a6 10. a4 axb5 11. Bxb5 Ba6 12. Bd2 Qb6 13. O-O Nbd7 14. Ra3 Ng4 15. Bxd7 Bxf1 16. Kxf1 Qxb2 17. Rb3 Bxc3 18. Rxb2 Bxb2 19. Bxg4 hxg4 20. Ng5 g3 21. fxg3 Bd4 22. h5 Kg7 23. Nf3 Bf6 24. Bg5 gxh5 25. Bxf6+ exf6 26. Nh4 Rfb8 27. Qxh5 Rxa4 28. Nf5+ Kg8 29. Qg4+ Kf8 30. Qg7+ Ke8 31. Qg8+ Kd7 32. Qxb8 1-0


[Site "https://www.chess.com"]

[Event "Titled Tuesday Blitz June 6 Early 2023"]
[White "Sychev, Klementy"]
[Black "Bochnicka, Vladimir"]
[WhiteFideId "4114060"]
[BlackFideId "14943450"]
[WhiteElo "2583"]
[BlackElo "2094"]
[Result "1/2-1/2"]
[Round "3"]
[TimeControl "180+2"]
[Date "2023.06.06"]
[WhiteClock "0:00:08"]
[BlackClock "0:00:05"]
[Board "164"]

1. e4 c5 2. Nf3 Nc6 3. d4 cxd4 4. Nxd4 e5 5. Nb5 d6 6. a4 Be7 7. N1c3 a6 8. Na3 Nf6 9. Bg5 O-O 10. Bc4 Nxe4 11. Bxe7 Nxc3 12. Bxd8 Nxd1 13. Bc7 Nxb2 14. Bb3 Be6 15. O-O Rac8 16. Bxd6 Rfd8 17. Bxe6 fxe6 18. Bc5 Nd4 19. Bb6 Rd6 20. a5 Nxc2 21. Rac1 Rdc6 22. Nb1 Nd3 23. Rcd1 Ncb4 24. g3 Rc2 25. Be3 Ra2 26. Bb6 Rcc2 27. h4 e4 28. h5 Nc6 29. h6 gxh6 30. Be3 Nce5 31. Nd2 Rxd2 32. Bxd2 Nf3+ 33. Kg2 Nxd2 34. Ra1 Rxa1 35. Rxa1 Nc4 36. Ra4 Nxa5 37. Rxa5 b5 38. Rxa6 b4 39. Rxe6 b3 40. Rxe4 b2 41. Re8+ Kf7 42. Rb8 Ke6 43. Kf3 Kd5 44. Ke2 Kc4 45. Kd2 Nxf2 46. Rxb2 Ne4+ 47. Ke3 Nxg3 48. Rf2 Nh5 49. Rf5 Ng7 50. Rf6 Kd5 51. Kf4 Ne6+ 52. Kg4 Nd4 53. Rxh6 Ke4 54. Rxh7 Kd5 55. Re7 Kc4 56. Rd7 Kc5 57. Kf4 Ne6+ 58. Ke5 Ng5 59. Rc7+ Kb6 60. Rc3 Nf7+ 61. Ke6 Nd8+ 62. Kd5 Nb7 63. Rc4 Kb5 64. Rc1 Kb6 65. Rc2 Na5 66. Rb2+ Ka6 67. Kc5 Nb7+ 68. Kc6 Na5+ 69. Kc7 Nc4 70. Rb4 Na5 71. Kd6 Nb7+ 72. Kd5 Na5 73. Rb2 Nb7 74. Kc4 Na5+ 75. Kb4 Nb7 76. Kc4 Na5+ 77. Kd5 Nb7 78. Rb1 Na5 79. Ke6 Nb7 80. Kd7 Na5 81. Kc7 Nc4 82. Rb3 Na5 83. Rb4 Ka7 84. Kd6 Ka6 85. Kd5 Nb7 86. Rb2 Na5 87. Kd4 Nb7 88. Kc3 Na5 89. Rb1 Nb7 90. Kc4 Na5+ 91. Kc5 Nb7+ 92. Kd4 Na5 93. Ke5 Nb7 94. Ke6 Na5 95. Kd7 Nb7 96. Kc7 Na5 97. Rb6+ Ka7 98. Rf6 Nb7 99. Kc6 Ka6 100. Rf2 Na5+ 101. Kc5 Nb3+ 102. Kb4 Nd4 103. Rf6+ Kb7 104. Kc5 1/2-1/2


[Site "https://www.chess.com"]

[Event "Titled Tuesday Blitz June 6 Early 2023"]
[White "Fier, Alexandr"]
[Black "Amitpal, Singh"]
[WhiteFideId "2107139"]
[BlackFideId "5012899"]
[WhiteElo "2610"]
[BlackElo "2107"]
[Result "1-0"]
[Round "3"]
[TimeControl "180+2"]
[Date "2023.06.06"]
[WhiteClock "0:02:59"]
[BlackClock "0:02:39"]
[Board "165"]

1. d4 Nf6 2. Bg5 c5 3. dxc5 Qa5+ 4. Nc3 Qxc5 5. Qd2 e6 6. e4 Be7 7. O-O-O Nc6 8. f4 d6 9. Nf3 Bd7 10. e5 Ng4 11. Bxe7 Nxe7 12. Ne4 1-0


[Site "https://www.chess.com"]

[Event "Titled Tuesday Blitz June 6 Early 2023"]
[White "Matinian, Nikita"]
[Black "Floresvillar Gonzalez, Luis Migu"]
[WhiteFideId "24129100"]
[BlackFideId "5100542"]
[WhiteElo "2422"]
[BlackElo "2040"]
[Result "1-0"]
[Round "3"]
[TimeControl "180+2"]
[Date "2023.06.06"]
[WhiteClock "0:02:32"]
[BlackClock "0:01:12"]
[Board "166"]

1. e4 c6 2. Nc3 d5 3. Nf3 dxe4 4. Nxe4 Bg4 5. h3 Bxf3 6. Qxf3 Nd7 7. b3 Ngf6 8. Bb2 Nxe4 9. Qxe4 e6 10. O-O-O Nf6 11. Qf3 Qd5 12. Qxd5 cxd5 13. Bb5+ Kd8 14. f4 a6 15. Bd3 Ne4 16. Rhf1 f5 17. Bxe4 dxe4 18. d3 exd3 19. Rxd3+ Ke8 20. Re1 Kf7 21. Rd7+ Be7 22. Ba3 Rhe8 23. Rxb7 a5 24. g4 g6 25. g5 a4 26. Kb2 axb3 27. axb3 Kf8 28. Rxe7 Rxe7 29. Rxe6 Rxa3 30. Rf6+ Rf7 31. Rxf7+ Kxf7 32. Kxa3 h6 33. h4 hxg5 34. hxg5 Ke6 35. c4 Kd6 36. Kb4 1-0


[Site "https://www.chess.com"]

[Event "Titled Tuesday Blitz June 6 Early 2023"]
[White "De La Colina, Nicolas"]
[Black "Bashkansky, Ethan"]
[WhiteFideId "30946921"]
[BlackFideId "2071533"]
[WhiteElo "2046"]
[BlackElo "2294"]
[Result "1-0"]
[Round "3"]
[TimeControl "180+2"]
[Date "2023.06.06"]
[WhiteClock "0:02:19"]
[BlackClock "0:02:06"]
[Board "167"]

1. e4 c6 2. d4 d5 3. exd5 cxd5 4. Bd3 Nf6 5. c3 Nc6 6. Bf4 g6 7. Nf3 Bg4 8. Nbd2 Bg7 9. h3 Bf5 10. Be2 O-O 11. O-O Kh8 12. Qb3 b6 13. Rfe1 Rc8 14. Ba6 Na5 15. Qa3 Rc6 16. Qxe7 Qxe7 17. Rxe7 1-0


[Site "https://www.chess.com"]

[Event "Titled Tuesday Blitz June 6 Early 2023"]
[White "Pg, Mohd Omar Ak Hira"]
[Black "Veiga, Jose Francisco R P Neves"]
[WhiteFideId "10500103"]
[BlackFideId "1930087"]
[WhiteElo "2167"]
[BlackElo "2319"]
[Result "0-1"]
[Round "3"]
[TimeControl "180+2"]
[Date "2023.06.06"]
[WhiteClock "0:00:16"]
[BlackClock "0:01:54"]
[Board "168"]

1. e4 Nc6 2. d4 d5 3. e5 Bf5 4. Nf3 e6 5. Bd3 Bxd3 6. Qxd3 f6 7. exf6 Nxf6 8. O-O Bd6 9. Nc3 O-O 10. Nb5 e5 11. Nxd6 cxd6 12. dxe5 dxe5 13. Qb3 e4 14. Ng5 Qd7 15. Rd1 h6 16. Nh3 Ne5 17. Bf4 Nfg4 18. Bxe5 Nxe5 19. Qxd5+ Qxd5 20. Rxd5 Rae8 21. Re1 Nc4 22. b3 e3 23. bxc4 exf2+ 24. Nxf2 Rxe1# 0-1


[Site "https://www.chess.com"]

[Event "Titled Tuesday Blitz June 6 Early 2023"]
[White "Manukyan, Sargis A."]
[Black "Kuzmin, Ilya"]
[WhiteFideId "13303970"]
[BlackFideId "4153863"]
[WhiteElo "2187"]
[BlackElo "2093"]
[Result "1-0"]
[Round "3"]
[TimeControl "180+2"]
[Date "2023.06.06"]
[WhiteClock "0:01:49"]
[BlackClock "0:00:05"]
[Board "169"]

1. d4 Nf6 2. e3 c5 3. Nf3 d5 4. Be2 Bf5 5. O-O e6 6. dxc5 Bxc5 7. a3 Nc6 8. b4 Be7 9. Bb2 O-O 10. Nbd2 a6 11. c4 dxc4 12. Nxc4 Ne4 13. Qb3 b5 14. Nce5 Nxe5 15. Bxe5 Bf6 16. Rfd1 Qe7 17. Bxf6 Qxf6 18. Rac1 Rac8 19. h3 Nc3 20. Nd4 Nxd1 21. Rxd1 Be4 22. a4 Bd5 23. Qa3 Qg6 24. Bf1 e5 25. Nxb5 Bxg2 26. Bxg2 axb5 27. a5 Rc2 28. a6 Qf6 29. Rf1 e4 30. a7 Qd8 31. Bxe4 Rc8 32. a8=Q Rxa8 33. Bxa8 Qxa8 34. Qxa8 Rxa8 35. Rc1 Kf8 36. Rc5 Rb8 37. Rc7 g6 38. Kg2 Kg7 39. Kg3 Kf6 40. h4 h5 41. Kf4 Ke6 42. e4 Rb6 43. f3 Kf6 44. e5+ Ke6 45. Ra7 f6 46. exf6 Kxf6 47. Rc7 Ke6 48. Kg5 Ke5 49. f4+ Kd4 50. Rc5 Ke4 51. Re5+ Kf3 52. Re7 Kg3 53. Re3+ Kf2 54. Rc3 Ke2 55. f5 gxf5 56. Kxf5 Kd2 57. Rc5 Kd3 58. Kg5 Ke4 59. Kxh5 Kf4 60. Rd5 Ke4 61. Rg5 Kf4 62. Rc5 Ke4 63. Kg5 Kd4 64. h5 Rb8 65. h6 Rg8+ 66. Kf6 Rg1 67. h7 Rf1+ 68. Kg6 Rg1+ 69. Rg5 Rh1 70. Rh5 Rg1+ 71. Kf5 1-0


[Site "https://www.chess.com"]

[Event "Titled Tuesday Blitz June 6 Early 2023"]
[White "Rodriguez Polo, Mateo"]
[Black "Perske, Thore"]
[WhiteFideId "24509396"]
[BlackFideId "12902195"]
[WhiteElo "2117"]
[BlackElo "2336"]
[Result "1-0"]
[Round "3"]
[TimeControl "180+2"]
[Date "2023.06.06"]
[WhiteClock "0:00:15"]
[BlackClock "0:00:16"]
[Board "170"]

1. e4 e6 2. d4 d5 3. Nd2 c5 4. Ngf3 a6 5. exd5 exd5 6. c3 Nf6 7. Bd3 Be7 8. dxc5 Bxc5 9. O-O O-O 10. h3 Nc6 11. Nb3 Bb6 12. Bf4 h6 13. Bc2 g5 14. Bh2 Ne4 15. Nfd4 f5 16. Nxc6 bxc6 17. Nd4 Qf6 18. Bxe4 fxe4 19. f3 e3 20. Re1 c5 21. Nc2 d4 22. cxd4 cxd4 23. Nb4 Be6 24. Nd3 Rac8 25. Rc1 Bc4 26. b3 Bb5 27. a4 Rxc1 28. Nxc1 e2 29. Qd2 Bc6 30. Kh1 Re8 31. Rxe2 Rxe2 32. Qxe2 Qf5 33. Qd3 Qe6 34. Bg1 Qd5 35. Ne2 Kg7 36. Bxd4+ Kg8 37. Qg6+ Kf8 38. Qf6+ Ke8 39. Bxb6 Qd1+ 40. Kh2 Qxe2 41. Qxc6+ Kf7 42. Qd5+ Kg6 43. Qe4+ Qxe4 44. fxe4 h5 45. b4 Kf6 46. b5 axb5 47. axb5 Ke6 48. Bc5 Kd7 49. b6 Kc6 50. Be3 g4 51. hxg4 hxg4 52. Kg3 Kb7 53. Kxg4 Kc6 54. Kf5 Kb7 55. g4 Kc6 56. g5 Kb7 57. g6 Ka6 58. g7 Kb7 59. Ke6 Ka6 60. Kd6 Kb7 61. Kd7 Ka6 62. Kc6 Ka5 63. b7 Ka6 64. b8=Q Ka5 65. Qb3 Ka6 66. Qb6# 1-0


[Site "https://www.chess.com"]

[Event "Titled Tuesday Blitz June 6 Early 2023"]
[White "Vera Gonzalez-Quevedo, Reynaldo"]
[Black "Plotnikov, Pavel"]
[WhiteFideId "3500055"]
[BlackFideId "4170342"]
[WhiteElo "2461"]
[BlackElo "2298"]
[Result "0-1"]
[Round "3"]
[TimeControl "180+2"]
[Date "2023.06.06"]
[WhiteClock "0:00:02"]
[BlackClock "0:00:18"]
[Board "171"]

1. d4 e6 2. c4 f5 3. g3 Nf6 4. Bg2 Bb4+ 5. Bd2 Qe7 6. Nh3 Ne4 7. O-O Nxd2 8. Nxd2 Qf6 9. Nb3 a5 10. e4 a4 11. Nc1 a3 12. e5 Qe7 13. b3 O-O 14. Qc2 Nc6 15. Rd1 d6 16. Bxc6 bxc6 17. Nd3 c5 18. d5 Bb7 19. Nhf4 exd5 20. Nxd5 Bxd5 21. cxd5 dxe5 22. Rac1 Rf7 23. Nxc5 Re8 24. Ne6 Bd6 25. Qc6 e4 26. Nxc7 Rc8 27. Nb5 Rxc6 28. dxc6 Be5 29. c7 Bxc7 30. Rxc7 Qf8 31. Rxf7 Kxf7 32. Nd6+ Ke6 33. Nc4 Qb4 34. Kg2 g5 35. Rd4 Qc5 36. Rd8 Ke7 37. Rh8 f4 38. Rxh7+ Kf6 39. gxf4 gxf4 40. Rh6+ Kg5 41. Re6 Qd4 42. Re5+ Kf6 43. Re8 Kf7 44. Re5 Kf6 45. Re8 Qd3 46. h4 Qf3+ 47. Kg1 Qg4+ 48. Kf1 e3 49. fxe3 Qf3+ 50. Ke1 Qh1+ 51. Kd2 Qh2+ 52. Kd3 Qxa2 53. Rf8+ Ke7 54. Rxf4 Qxb3+ 55. Kd4 a2 56. Rf1 Qb1 57. Nd2 Qxf1 58. Nxf1 a1=Q+ 59. Ke4 Qxf1 60. h5 Kf6 0-1


[Site "https://www.chess.com"]

[Event "Titled Tuesday Blitz June 6 Early 2023"]
[White "Tokman, Ariel"]
[Black "Martin, Lewis"]
[WhiteFideId "117420"]
[BlackFideId "410551"]
[WhiteElo "2263"]
[BlackElo "2145"]
[Result "1-0"]
[Round "3"]
[TimeControl "180+2"]
[Date "2023.06.06"]
[WhiteClock "0:01:36"]
[BlackClock "0:01:49"]
[Board "172"]

1. f4 c5 2. Nf3 Nc6 3. g3 e6 4. Bg2 Nf6 5. O-O h5 6. d3 h4 7. Nxh4 Rxh4 8. gxh4 d5 9. e4 dxe4 10. dxe4 Qb6 11. Nd2 Bd7 12. Nc4 Qc7 13. e5 Ng8 14. Be3 O-O-O 15. Nd6+ Bxd6 16. Qxd6 Qxd6 17. exd6 b6 18. a4 a5 19. c3 Nh6 20. Ra3 Nf5 21. Bf2 Nxd6 22. Rd1 Nc4 23. Ra2 Be8 24. Rxd8+ Nxd8 25. b3 Nd6 26. Rd2 Nf5 27. b4 axb4 28. cxb4 Bxa4 29. bxc5 bxc5 30. Bxc5 Nxh4 31. Be7 Nxg2 32. Rxd8+ 1-0


[Site "https://www.chess.com"]

[Event "Titled Tuesday Blitz June 6 Early 2023"]
[White "Sokolov, Andrei"]
[Black "Leschinsky, Gary"]
[WhiteFideId "11600306"]
[BlackFideId "30951321"]
[WhiteElo "2473"]
[BlackElo "2020"]
[Result "0-1"]
[Round "3"]
[TimeControl "180+2"]
[Date "2023.06.06"]
[WhiteClock "0:02:07"]
[BlackClock "0:01:38"]
[Board "173"]

1. d4 Nf6 2. c4 g6 3. Nc3 d5 4. cxd5 Nxd5 5. e4 Nxc3 6. bxc3 Bg7 7. Nf3 c5 8. Be3 O-O 9. Bc4 Qc7 10. O-O cxd4 11. Bb3 dxe3 12. fxe3 Bg4 13. Qd2 Bxf3 14. Rxf3 Nc6 15. Raf1 e6 16. Qf2 Ne5 17. Rf4 Nd3 18. Qf3 Nxf4 19. exf4 Qxc3 20. Qe2 Rad8 21. f5 Qd2 22. Qf3 Rd3 23. Qg4 Qe3+ 24. Kh1 h5 25. Qh4 Qe2 26. Rg1 Qg4 27. Qf2 Bd4 28. Qf1 Bxg1 29. Qxg1 exf5 30. exf5 Qxf5 31. Qxa7 Qf1+ 32. Qg1 Qxg1+ 33. Kxg1 Rxb3 34. axb3 Rc8 35. Kh1 Rc3 36. h3 Rxb3 37. Kh2 Rc3 38. Kh1 b5 39. Kh2 b4 40. Kh1 b3 41. Kh2 b2 42. Kh1 b1=Q+ 43. Kh2 Qf5 44. Kh1 Qf4 45. g3 Qxg3 46. h4 Rc1# 0-1


[Site "https://www.chess.com"]